 Dungeon Crawl Stone Soup version 0.20-a0-1066-ga910694 (webtiles) character file.

227 uglyjohn the Digger (level 6, -2/32 HPs)
             Began as a Gargoyle Earth Elementalist on Apr 27, 2017.
             Slain by Elysium's ghost (5 damage)
             ... on level 3 of the Dungeon on Apr 28, 2017.
             The game lasted 00:06:41 (3399 turns).

uglyjohn the Digger (Gargoyle Earth Elementalist)   Turns: 3399, Time: 00:06:42

Health: -2/32      AC:  7    Str: 11    XL:     6   Next: 2%
Magic:  5/12       EV: 12    Int: 18    God:
Gold:   142        SH:  0    Dex: 10    Spells: 9/13 levels left

rFire    . . .     SeeInvis .   l - +0 short sword
rCold    + . .     Gourm    .   (no shield)
rNeg     + . .     Faith    .   c - +0 robe
rPois    ∞         Spirit   .   (no helmet)
rElec    +         Reflect  .   w - scarf {rC+}
rCorr    .         Harm     .   (no gloves)
MR       .....                  k - +0 pair of boots
Stlth    ++........             (no amulet)
Regen    0.1/turn               (no ring)
MPRegen  0.2/turn               (no ring)

@: no status effects
A: negative energy resistance 1, electricity resistance, unbreathing,
petrification resistance, rot immunity, AC +4
a: no special abilities


You were on level 3 of the Dungeon.
You were not hungry.

You visited 1 branch of the dungeon, and saw 4 of its levels.

You collected 142 gold pieces.

Inventory:

Hand Weapons
 f - a +0 dagger
 l - a +0 short sword (weapon)
Missiles
 b - 79 stones (quivered)
Armour
 c - a +0 robe (worn)
 k - a +0 pair of boots (worn)
 w - a scarf of cold resistance (worn)
Jewellery
 p - a +1 ring of protection {unknown}
 B - a +4 ring of dexterity {unknown}
Scrolls
 h - 3 scrolls of immolation {unknown}
 m - 2 scrolls of identify {unknown}
 q - a scroll of enchant weapon {unknown}
 u - 3 scrolls of teleportation {unknown}
 x - 3 scrolls of magic mapping {unknown}
 y - a scroll of remove curse {unknown}
Potions
 g - a potion of might {unknown}
 i - a potion of curing {unknown}
 j - a potion of degeneration {unknown}
 o - a potion of cancellation {unknown}
 s - a potion of agility {unknown}
 t - a potion of ambrosia {unknown}
 v - 2 potions of brilliance {unknown}
 z - a potion of lignification {unknown}
Books
 e - a book of Geomancy

   Spells                             Type                      Level
   a - Sandblast                      Earth                        1
   b - Passwall                       Transmutation/Earth          2
   c - Stone Arrow                    Conjuration/Earth            3
   d - Petrify                        Transmutation/Earth          4
   e - Lee's Rapid Deconstruction     Earth                        5
Comestibles
 a - 3 fruits
 d - 4 bread rations
 n - 3 meat rations
 r - a royal jelly
 A - a chunk of flesh


   Skills:
 - Level 1.5 Dodging
 - Level 2.1 Stealth
 - Level 4.1 Spellcasting
 + Level 2.6 Conjurations
   Level 0.7 Transmutations
 + Level 5.1 Earth Magic


You had 9 spell levels left.
You knew the following spells:

 Your Spells              Type           Power        Failure   Level  Hunger
a - Sandblast             Erth           ###...       1%          1    None
b - Stone Arrow           Conj/Erth      ###...       9%          3    ###....


Dungeon Overview and Level Annotations

Branches:
Dungeon (4/15)
 Temple: D:4-7

Altars:

Annotations:
D:3 Elysium's ghost, amateur DsAK


Innate Abilities, Weirdness & Mutations

You are resistant to torment.
Your stone body is resilient. (AC +4)
You are immune to poison.
You resist negative energy. (rN+)
You are resistant to electric shocks. (rElec)
You can survive without breathing.
You are immune to petrification.
You are immune to rotting.


Message History

Casting: Sandblast
Confirm with . or Enter, or press ? or * to list all spells.
Aiming: Sandblast
Press: ? - help, Shift-Dir - straight line, f/p - Elysium's ghost
Aim: Elysium's ghost (heavily damaged)
The blast of sand hits Elysium's ghost.
Elysium's ghost is heavily damaged.
b - 80 stones The orc closely misses you.
Elysium's ghost hits you.
* * * LOW HITPOINT WARNING * * *
Casting: Sandblast
Confirm with . or Enter, or press ? or * to list all spells.
Aiming: Sandblast
Press: ? - help, Shift-Dir - straight line, f/p - Elysium's ghost
Aim: Elysium's ghost (heavily damaged)
The blast of sand hits Elysium's ghost.
Elysium's ghost is severely damaged.
b - 79 stones The orc hits you but does no damage.
Elysium's ghost hits you.
You die...

#.#.# ######
#...#######....#####
####.................
#..........#.##.#.##.
#............##.#....
#..........##...###..
#..........##.### #..
####.W.#.####.#####..
#@###.# #........ #o#
#.# ########. #####o#
#.# #. ###.....###.#
#####'
#.........o.#######.....
#..........>......'..)..
#..........[#######....<
#...........# #.....
#...........#### #.....


You could see Elysium's ghost and 2 orcs.

Vanquished Creatures
  A centaur (D:1)
  An orc wizard (D:4)
  Robin (D:2)
  3 gnolls (D:2)
  An ooze (D:2)
  A worm (D:3)
  3 leopard geckos (D:3)
  2 orcs (D:3)
  11 bats
  16 goblins
  8 hobgoblins
  2 jackals (D:1)
  5 kobolds
  6 frilled lizards
  8 rats
69 creatures vanquished.

Notes
Turn   | Place    | Note
-------+----------+-------------------------------------------
     0 | D:1      | uglyjohn the Gargoyle Earth Elementalist began the quest for the Orb.
     0 | D:1      | Reached XP level 1. HP: 10/10 MP: 3/3
   200 | D:1      | Reached skill level 4 in Earth Magic
   200 | D:1      | Reached XP level 2. HP: 15/15 MP: 3/5
   825 | D:1      | Reached XP level 3. HP: 16/19 MP: 7/7
   830 | D:1      | Learned a level 3 spell: Stone Arrow
  1013 | D:1      | Noticed a centaur
  1053 | D:1      | Killed a centaur
  1053 | D:1      | Reached XP level 4. HP: 12/24 MP: 3/10
  1545 | D:2      | Noticed Robin
  1553 | D:2      | Reached XP level 5. HP: 28/28 MP: 3/11
  1673 | D:2      | Killed Robin
  1673 | D:2      | Reached skill level 1 in Conjurations
  2123 | D:2      | Upgraded the game from 0.20-a0-1062-g7b787ac to 0.20-a0-1066-ga910694
  3322 | D:3      | Reached skill level 5 in Earth Magic
  3356 | D:3      | Noticed Elysium's ghost (amateur DsAK)
  3383 | D:4      | Reached XP level 6. HP: 11/32 MP: 9/12
  3399 | D:3      | Slain by Elysium's ghost

Vault maps used:
D:1:      dpeg_arrival_simpleton_c
D:2:      first_bread, uniq_robin
D:3:      serial_bayou_pond_d, nicolae_ru_sacrificial_ziggurat
D:4:      old_standard_altar, grunt_qazlal_clouds, uniq_eustachio,
          uniq_blork_the_orc

Skill      XL: |  1  2  3  4  5 |
---------------+----------------+-----
Earth Magic    | 4 5 |  5.1
Spellcasting   | 4 |  4.1
Conjurations   | 2 |  2.6
Dodging        | |  1.5
Stealth        | |  2.1
Transmutations | |  0.7

Action                   |  1- 3 |  4- 6 || total
-------------------------+-------+-------++-------
Melee: Dagger            |    45 |       ||    45
       Short sword       |    12 |   135 ||   147
 Cast: Sandblast         |    15 |    29 ||    44
       Stone Arrow       |       |     1 ||     1
 Stab: Sleeping          |     2 |     4 ||     6
  Eat: Chunk             |     1 |     7 ||     8
Armor: Robe              |    30 |    70 ||   100
Dodge: Dodged            |    59 |   111 ||   170
